| TOP OF THE 1ST |
|
Joplin Blasters batting - Pitching for Tijuana Toros : LHP Israel Cerna
|
|
Pitching: LHP Israel Cerna
|
|
|
Batting: RHB Angel Melendez
|
0-0: Called Strike 0-1: Ground out 6-3 (Groundball, 6, EV 104.4 MPH)
|
|
Batting: RHB Kevin Lea
|
0-0: Ball 1-0: Ground out 6-3 (Groundball, 6, EV 82.5 MPH)
|
|
Batting: RHB Tanner Holland
|
0-0: Called Strike 0-1: Ball 1-1: Swinging Strike 1-2: Ball 2-2: Strikes out swinging
|
| Top of the 1st over - 0 runs, 0 hits, 0 errors, 0 left on base; Joplin 0 - Tijuana 0 |
| BOTTOM OF THE 1ST |
|
Tijuana Toros batting - Pitching for Joplin Blasters : RHP Abban Sartika
|
|
Pitching: RHP Abban Sartika
|
|
|
Batting: RHB Alex Diaz
|
0-0: Called Strike 0-1: Ball 1-1: Ball 2-1: Foul Ball, location: 2F 2-2: Foul Ball, location: 2F 2-2: Fly out, F4 (Popup, 4D, EV 47.5 MPH)
|
|
Batting: RHB Guo Kwok
|
0-0: Ball 1-0: Fly out, F4 (Popup, 4, EV 72.5 MPH)
|
|
Batting: RHB Jerry Afghani
|
0-0: Called Strike 0-1: Ball 1-1: Fly out, F8 (Flyball, 8LS, EV 91.9 MPH)
|
| Bottom of the 1st over - 0 runs, 0 hits, 0 errors, 0 left on base; Joplin 0 - Tijuana 0 |
| TOP OF THE 2ND |
|
Joplin Blasters batting - Pitching for Tijuana Toros : LHP Israel Cerna
|
|
Batting: RHB Colin Padgett
|
0-0: Fly out, F6 (Line Drive, 6, EV 72.5 MPH)
|
|
Batting: RHB Steve Huebner
|
0-0: Called Strike 0-1: Ball 1-1: Swinging Strike 1-2: Strikes out swinging
|
|
Batting: LHB Willie Marquez
|
0-0: Called Strike 0-1: Ball 1-1: Swinging Strike 1-2: Strikes out looking
|
| Top of the 2nd over - 0 runs, 0 hits, 0 errors, 0 left on base; Joplin 0 - Tijuana 0 |
| BOTTOM OF THE 2ND |
|
Tijuana Toros batting - Pitching for Joplin Blasters : RHP Abban Sartika
|
|
Batting: RHB Shiki Nomoto
|
0-0: Ball 1-0: Fly out, F8 (Flyball, 8RD, EV 103.1 MPH)
|
|
Batting: RHB Mario Diaz
|
0-0: SINGLE (Line Drive, 8RS, EV 98.8 MPH)
|
|
Batting: RHB Jesus Herrera
|
0-0: Called Strike 0-1: Ball 1-1: DOUBLE (Line Drive, 89XD, EV 98.1 MPH) Mario Diaz to third Runner from 3rd tries for Home, throw by CF and OUT! 8-4-2 Jesus Herrera to third
|
|
Batting: RHB Guillermo Puente
|
0-0: Swinging Strike 0-1: Foul Ball, location: 2F 0-2: Ball 1-2: Strikes out swinging
|
| Bottom of the 2nd over - 0 runs, 2 hits, 0 errors, 1 left on base; Joplin 0 - Tijuana 0 |
| TOP OF THE 3RD |
|
Joplin Blasters batting - Pitching for Tijuana Toros : LHP Israel Cerna
|
|
Batting: RHB Nate Brewer
|
0-0: Ball 1-0: Called Strike 1-1: Foul Ball, location: 2F 1-2: Foul Ball, location: 2F 1-2: Foul Ball, location: 2F 1-2: Ball 2-2: SINGLE (Line Drive, 56D, EV 96.9 MPH)
|
|
Batting: LHB Josh Lane
|
0-0: Called Strike 0-1: Ball 1-1: Swinging Strike 1-2: Strikes out swinging
|
|
Batting: RHB Bobby Leon
|
0-0: Foul Ball, location: 2F 0-1: Ball 1-1: Ball 2-1: Ball 3-1: Swinging Strike 3-2: Strikes out swinging
|
|
Batting: RHB Angel Melendez
|
0-0: Swinging Strike 0-1: Ball 1-1: Ground out 4-3 (Groundball, 4, EV 108.1 MPH)
|
| Top of the 3rd over - 0 runs, 1 hit, 0 errors, 1 left on base; Joplin 0 - Tijuana 0 |
| BOTTOM OF THE 3RD |
|
Tijuana Toros batting - Pitching for Joplin Blasters : RHP Abban Sartika
|
|
Batting: RHB Clay Holgate
|
0-0: Called Strike 0-1: Swinging Strike 0-2: Ball 1-2: Foul Ball, location: 2F 1-2: Fly out, F8 (Flyball, 78XD, EV 107.5 MPH)
|
|
Batting: LHB Jose Diaz
|
0-0: Called Strike 0-1: DOUBLE (Line Drive, 78D, EV 108.8 MPH)
|
|
Batting: RHB Alex Diaz
|
0-0: Ball 1-0: Called Strike 1-1: Ball 2-1: Ground out 6-3 (Groundball, 6, EV 86.2 MPH)
|
|
Batting: RHB Guo Kwok
|
0-0: Ball 1-0: Foul Ball, location: 2F 1-1: Foul Ball, location: 2F 1-2: Foul Ball, location: 2F 1-2: SINGLE (Line Drive, 78S, EV 91.2 MPH) Jose Diaz to third
|
|
Batting: RHB Jerry Afghani
|
0-0: Called Strike 0-1: Ball 1-1: SINGLE (Groundball, 34, EV 93.8 MPH) Jose Diaz scores Guo Kwok to second
|
|
Batting: RHB Shiki Nomoto
|
0-0: Ball 1-0: Ball 2-0: Foul Ball, location: 2F 2-1: Ball 3-1: Fly out, F8 (Line Drive, 8LD, EV 86.9 MPH)
|
| Bottom of the 3rd over - 1 run, 3 hits, 0 errors, 2 left on base; Joplin 0 - Tijuana 1 |
| TOP OF THE 4TH |
|
Joplin Blasters batting - Pitching for Tijuana Toros : LHP Israel Cerna
|
|
Batting: RHB Kevin Lea
|
0-0: Ground out 5-3 (Groundball, 56S, EV 78.1 MPH)
|
|
Batting: RHB Tanner Holland
|
0-0: Called Strike 0-1: Called Strike 0-2: Strikes out looking
|
|
Batting: RHB Colin Padgett
|
0-0: Fly out, F8 (Flyball, 89M, EV 82.5 MPH)
|
| Top of the 4th over - 0 runs, 0 hits, 0 errors, 0 left on base; Joplin 0 - Tijuana 1 |
| BOTTOM OF THE 4TH |
|
Tijuana Toros batting - Pitching for Joplin Blasters : RHP Abban Sartika
|
|
Batting: RHB Mario Diaz
|
0-0: Swinging Strike 0-1: Foul Ball, location: 2F 0-2: Ball 1-2: Ball 2-2: Strikes out looking
|
|
Batting: RHB Jesus Herrera
|
0-0: Ball 1-0: Called Strike 1-1: Ball 2-1: Foul Ball, location: 2F 2-2: Ground out 6-3 (Groundball, 56, EV 104.4 MPH)
|
|
Batting: RHB Guillermo Puente
|
0-0: Called Strike 0-1: Called Strike 0-2: Strikes out looking
|
| Bottom of the 4th over - 0 runs, 0 hits, 0 errors, 0 left on base; Joplin 0 - Tijuana 1 |
| TOP OF THE 5TH |
|
Joplin Blasters batting - Pitching for Tijuana Toros : LHP Israel Cerna
|
|
Batting: RHB Steve Huebner
|
0-0: Called Strike 0-1: Foul Ball, location: 2F 0-2: Ball 1-2: Ball 2-2: Foul Ball, location: 2F 2-2: Strikes out swinging
|
|
Batting: LHB Willie Marquez
|
0-0: Ball 1-0: Called Strike 1-1: Foul Ball, location: 2F 1-2: Ball 2-2: Ground out U3 (Groundball, 13, EV 85.6 MPH)
|
|
Batting: RHB Nate Brewer
|
0-0: Ball 1-0: DOUBLE (Flyball, 8LD, EV 103.1 MPH)
|
|
Batting: LHB Josh Lane
|
0-0: Called Strike 0-1: Ball 1-1: Swinging Strike 1-2: Ball 2-2: Fly out, F9 (Line Drive, 9S, EV 88.1 MPH)
|
| Top of the 5th over - 0 runs, 1 hit, 0 errors, 1 left on base; Joplin 0 - Tijuana 1 |
| BOTTOM OF THE 5TH |
|
Tijuana Toros batting - Pitching for Joplin Blasters : RHP Abban Sartika
|
|
Batting: RHB Clay Holgate
|
0-0: Ball 1-0: Foul Ball, location: 9LSF, Error on foul ball, E9 1-1: Swinging Strike 1-2: Foul Ball, location: 2F 1-2: Foul Ball, location: 2F 1-2: Strikes out swinging
|
|
Batting: LHB Jose Diaz
|
0-0: SINGLE (Line Drive, 9LS, EV 102.5 MPH)
|
|
Batting: RHB Alex Diaz
|
0-0: Ball 1-0: SINGLE (Groundball, 34, EV 95.6 MPH) Jose Diaz to second Throwing error, E9 Jose Diaz scores Alex Diaz to second
|
|
Batting: RHB Guo Kwok
|
0-0: Called Strike 0-1: Ball 1-1: Ball 2-1: Ball 3-1: Base on Balls
|
|
Batting: RHB Jerry Afghani
|
0-0: Called Strike 0-1: Ball 1-1: Ball 2-1: TRIPLE (Line Drive, 78XD, EV 108.8 MPH) Alex Diaz scores Guo Kwok scores
|
|
Batting: RHB Shiki Nomoto
|
0-0: Ball 1-0: Called Strike 1-1: Ball 2-1: Foul Ball, location: 2F 2-2: Foul Ball, location: 2F 2-2: Ball 3-2: Ground out 5-3 (Groundball, 56, EV 88.1 MPH) Jerry Afghani scores
|
|
Batting: RHB Mario Diaz
|
0-0: Called Strike 0-1: Ball 1-1: Foul Ball, location: 2F 1-2: Fly out, F8 (Flyball, 8RM, EV 86.9 MPH)
|
| Bottom of the 5th over - 4 runs, 3 hits, 2 errors, 0 left on base; Joplin 0 - Tijuana 5 |
| TOP OF THE 6TH |
|
Joplin Blasters batting - Pitching for Tijuana Toros : LHP Israel Cerna
|
|
Batting: RHB Bobby Leon
|
0-0: Ball 1-0: Ball 2-0: Ball 3-0: Called Strike 3-1: SOLO HOME RUN (Line Drive, 7LD, EV 100.0 MPH), Distance : 391 ft
|
|
Batting: RHB Angel Melendez
|
0-0: Ball 1-0: Ball 2-0: Ball 3-0: Base on Balls
|
|
Batting: RHB Kevin Lea
|
0-0: Foul Ball, location: 2F 0-1: Called Strike 0-2: Foul Ball, location: 2F 0-2: Ball 1-2: Strikes out looking
|
|
Batting: RHB Tanner Holland
|
0-0: Called Strike 0-1: Swinging Strike 0-2: SINGLE (Groundball, 6MD, EV 98.8 MPH) Angel Melendez to second
|
|
Batting: RHB Colin Padgett
|
0-0: Foul Ball, location: 2F 0-1: Swinging Strike 0-2: Ball 1-2: Ball 2-2: Strikes out swinging
|
|
Batting: RHB Steve Huebner
|
0-0: Ball 1-0: Foul Ball, location: 2F 1-1: Ball 2-1: Foul Ball, location: 2F 2-2: Ball 3-2: Foul Ball, location: 2F 3-2: SINGLE (Flyball, 5D, EV 96.9 MPH) Angel Melendez to third Tanner Holland to second Angel Melendez scores Tanner Holland to third
|
|
Batting: LHB Willie Marquez
|
0-0: Ball 1-0: Fly out, F9 (Line Drive, 9S, EV 91.2 MPH)
|
| Top of the 6th over - 2 runs, 3 hits, 0 errors, 2 left on base; Joplin 2 - Tijuana 5 |
| BOTTOM OF THE 6TH |
|
Tijuana Toros batting - Pitching for Joplin Blasters : RHP Abban Sartika
|
|
Batting: RHB Jesus Herrera
|
0-0: Called Strike 0-1: Called Strike 0-2: Strikes out swinging
|
|
Batting: RHB Guillermo Puente
|
0-0: Called Strike 0-1: Foul Ball, location: 2F 0-2: Ball 1-2: SINGLE (Line Drive, 6M, EV 95.0 MPH)
|
|
Batting: RHB Clay Holgate
|
0-0: Ball 1-0: Ball 2-0: Swinging Strike 2-1: SINGLE (Line Drive, 8LS, EV 112.5 MPH) Guillermo Puente to second
|
|
Batting: LHB Jose Diaz
|
0-0: Ball Guillermo Puente is caught stealing 3rd base 2-5 1-0: Ball 2-0: Foul Ball, location: 2F 2-1: Called Strike 2-2: Foul Ball, location: 2F 2-2: Ball Clay Holgate steals 2nd base 3-2: SINGLE (Groundball, 34D, EV 104.4 MPH) (infield hit) Clay Holgate to third
|
|
Batting: RHB Alex Diaz
|
0-0: Ball 1-0: Ball 2-0: Fly out, F3 (Popup, 3S, EV 90.6 MPH)
|
| Bottom of the 6th over - 0 runs, 3 hits, 0 errors, 2 left on base; Joplin 2 - Tijuana 5 |
| TOP OF THE 7TH |
|
Joplin Blasters batting - Pitching for Tijuana Toros : LHP Israel Cerna
|
|
Batting: RHB Nate Brewer
|
0-0: Foul Ball, location: 2F 0-1: Ball 1-1: Foul Ball, location: 2F 1-2: Ball 2-2: Foul Ball, location: 2F 2-2: Foul Ball, location: 2F 2-2: Strikes out looking
|
|
Batting: LHB Josh Lane
|
0-0: Ball 1-0: Foul Ball, location: 2F 1-1: Ball 2-1: Foul Ball, location: 2F 2-2: Foul Ball, location: 2F 2-2: Strikes out looking
|
|
Batting: RHB Bobby Leon
|
0-0: Ground out 4-3 (Groundball, 34, EV 101.2 MPH)
|
| Top of the 7th over - 0 runs, 0 hits, 0 errors, 0 left on base; Joplin 2 - Tijuana 5 |
| BOTTOM OF THE 7TH |
|
Tijuana Toros batting - Pitching for Joplin Blasters : RHP Abban Sartika
|
|
Pitching: RHP Chris Chilcoat
|
|
|
Batting: RHB Guo Kwok
|
0-0: Ball 1-0: Called Strike 1-1: Swinging Strike 1-2: Ball 2-2: Foul Ball, location: 2F 2-2: Ball 3-2: Strikes out swinging
|
|
Batting: RHB Jerry Afghani
|
0-0: SINGLE (Line Drive, 6D, EV 98.1 MPH)
|
|
Batting: RHB Shiki Nomoto
|
0-0: Called Strike Jerry Afghani is caught stealing 2nd base 2-4 0-1: Called Strike 0-2: Ball 1-2: Strikes out swinging
|
| Bottom of the 7th over - 0 runs, 1 hit, 0 errors, 0 left on base; Joplin 2 - Tijuana 5 |
| TOP OF THE 8TH |
|
Joplin Blasters batting - Pitching for Tijuana Toros : LHP Israel Cerna
|
|
Pitching: LHP Victor Barron
|
|
|
Batting: RHB Angel Melendez
|
0-0: SINGLE (Groundball, 56D, EV 101.9 MPH)
|
|
Batting: RHB Kevin Lea
|
0-0: Ball 1-0: Ball 2-0: Called Strike 2-1: Called Strike 2-2: Strikes out looking
|
|
Batting: RHB Tanner Holland
|
0-0: Called Strike 0-1: Foul Ball, location: 2F 0-2: Foul Ball, location: 2F 0-2: Foul Ball, location: 2F 0-2: Ball 1-2: Fielders Choice at 2nd, 1-6 (Groundball, 13S, EV 66.2 MPH)
|
|
Batting: RHB Colin Padgett
|
0-0: Fly out, F7 (Flyball, 78S, EV 90.6 MPH)
|
| Top of the 8th over - 0 runs, 1 hit, 0 errors, 1 left on base; Joplin 2 - Tijuana 5 |
| BOTTOM OF THE 8TH |
|
Tijuana Toros batting - Pitching for Joplin Blasters : RHP Chris Chilcoat
|
|
Batting: RHB Mario Diaz
|
0-0: Fly out, F9 (Line Drive, 9D, EV 93.1 MPH)
|
|
Batting: RHB Jesus Herrera
|
0-0: Foul Ball, location: 2F 0-1: SINGLE (Groundball, 6MD, EV 110.0 MPH)
|
|
Batting: RHB Guillermo Puente
|
0-0: Ball Jesus Herrera is caught stealing 2nd base 2-4 1-0: Ball 2-0: Ball 3-0: Called Strike 3-1: DOUBLE (Line Drive, 9LS, EV 104.4 MPH)
|
|
Batting: RHB Djoka Subasic
|
0-0: Ball 1-0: Foul Ball, location: 2F 1-1: Called Strike 1-2: Strikes out swinging
|
| Bottom of the 8th over - 0 runs, 2 hits, 0 errors, 1 left on base; Joplin 2 - Tijuana 5 |
| TOP OF THE 9TH |
|
Joplin Blasters batting - Pitching for Tijuana Toros : LHP Victor Barron
|
|
Pitching: RHP Joe Goodwin
|
|
|
Now at 3B: Tan-ming Kwan
|
|
|
Pinch Hitting: LHB Efrem Isaev
|
0-0: Called Strike 0-1: Ball 1-1: Foul Ball, location: 2F 1-2: Ball 2-2: Ball 3-2: Foul Ball, location: 2F 3-2: Ground out 6-3 (Groundball, 6, EV 86.2 MPH)
|
|
Pinch Hitting: RHB Milanni Isaaka
|
0-0: Ball 1-0: Foul Ball, location: 2F 1-1: Swinging Strike 1-2: Fly out, F8 (Flyball, 78M, EV 96.2 MPH)
|
|
Pinch Hitting: RHB Joe Gabriel
|
0-0: Ball 1-0: Ground out 4-3 (Groundball, 4S, EV 81.9 MPH)
|
| Top of the 9th over - 0 runs, 0 hits, 0 errors, 0 left on base; Joplin 2 - Tijuana 5 |
|